 Dungeon Sprint DCSS version 0.29-a0-885-gb26ba3297d (webtiles) character file.

Game seed: 12164516360446589243

284 rocky1 the Destroyer (level 6, 0/32 HPs)
             Began as a Deep Elf Conjurer on July 21, 2022.
             Was a Believer of Vehumet.
             Slain by a warg (6 damage)
             ... in the Dungeon (Sprint VII: "The Pits").
             The game lasted 00:02:42 (566 turns).

rocky1 the Destroyer (Deep Elf Conjurer)             Turns: 566, Time: 00:02:43

Health: 0/32       AC:  2    Str:  4    XL:     6   Next: 7%
Magic:  11/20      EV: 12    Int: 25    God:    Vehumet [**....]
Gold:   0          SH:  0    Dex: 13    Spells: 12/23 levels left

rFire   . . .      SeeInvis .   k - +2 quarterstaff
rCold   . . .      Faith    .   (shield currently unavailable)
rNeg    . . .      Spirit   .   a - +0 robe
rPois   .          Reflect  .   (no helmet)
rElec   .          Harm     .   (no cloak)
rCorr   .          Rampage  .   (no gloves)
Will    .....      NoTele   +   (no boots)
Stlth   ++........              (no amulet)
HPRegen 0.10/turn               (no ring)
MPRegen 0.17/turn               (no ring)

@: no status effects
A: no striking features
a: Renounce Religion


You were in the Dungeon.
You worshipped Vehumet.
Vehumet was pleased with you.
You visited 1 branch

Inventory:

Hand Weapons
 k - a +2 quarterstaff (weapon)
 l - a +0 quarterstaff of speed
 m - a +2 long sword of holy wrath
Armour
 a - a +0 robe (worn)
Scrolls
 g - a scroll of blinking
 i - 5 scrolls of amnesia
 j - a scroll of summoning
Potions
 b - 5 potions of magic
 c - 6 potions of curing
 d - 5 potions of heal wounds
 e - a potion of haste
 f - 2 potions of berserk rage
 h - 2 potions of invisibility


   Skills:
 - Level 2.4 Dodging
 - Level 2.4 Stealth
 - Level 9.1 Spellcasting
 + Level 12.5 Conjurations


You had 12 spell levels left.
You knew the following spells:

 Your Spells              Type           Power      Damage    Failure   Level
a - Magic Dart            Conj           100%       1d8       1%          1
b - Searing Ray           Conj           100%       2d8       1%          2
c - Iskenderun's Mystic   Conj/Tloc      42%        2d10      4%          4
d - Fulminant Prism       Conj/Hex       21%        3d13      4%          4

Your spell library contained the following spells:

 Spells                   Type           Power      Damage    Failure   Level
 Static Discharge         Conj/Air       42%        3-9/arc   1%          2
 Dazzling Flash           Conj/Hex       84%        N/A       1%          3


Dungeon Overview and Level Annotations

Branches:
Dungeon (1/1)

Altars:
Ashenzari
Cheibriados
Dithmenos
Elyvilon
Fedhas
Gozag
Hepliaklqana
Kikubaaqudgha
Makhleb
Nemelex Xobeh
Okawaru
Qazlal
Ru
Sif Muna
Trog
Uskayaw
Vehumet
Wu Jian
Xom
Yredelemnul
Zin
The Shining One
Jiyva
Lugonu

Annotations:
D Jessica


Message History

You kill the ball python!
Vehumet accepts your kill.
Vehumet offers you knowledge of Static Discharge.
You feel your power returning. The flying skull hits you!
The flying skull misses you.
The searing ray hits the flying skull!
The flying skull is almost destroyed.
You finish channelling your searing ray.
The warg howls!
The flying skull barely misses you.
Casting: Searing Ray (safe; 1% risk of failure)
Confirm with . or Enter, or press ? or * to list all spells.
Aiming: Searing Ray (safe; 1% risk of failure)
Press: ? - help, Shift-Dir - straight line, f/p - flying skull
Aim: a flying skull (almost destroyed, 68% to hit)
The searing ray hits the flying skull but does no damage.
The flying skull is almost destroyed.
The searing ray misses the warg. (Press . to maintain the ray.)
The flying skull hits you but does no damage.
The flying skull closely misses you.
The searing ray misses the flying skull.
The searing ray hits the warg.
The warg is lightly wounded.
The flying skull barely misses you.
The searing ray hits the flying skull!
You destroy the flying skull!
Vehumet accepts your kill.
You feel your power returning.
The searing ray hits the warg!
The warg is heavily wounded.
Your Conjurations skill gained 4 levels and is now at level 12!
You have reached level 5!
You have reached level 6!
The searing ray hits the warg.
The warg is severely wounded.
You finish channelling your searing ray.
The warg bites you!
* * * LOW HITPOINT WARNING * * *
The warg bites you.
You die...

#.?(.')))'.##.....
##########.##.....
#....)).....'.....
#'#####'#####.....
#.#..#.....##.....
#.#))#####'#####'#
#.#.)#.....##.....
#.#).#.....##.....
#@#[[###'####.....
#h##'#.....##...<.
#.#........##.....
#.#........##.....
#'###########.....
#......@# ######
#.###...# #.# .#
#.#


You could see a warg.

Vanquished Creatures
  A flying skull (D)
  Pargi (D)
  A gnoll (D)
  A river rat (D)
  An orc (D)
  A ball python (D)
  2 giant cockroaches (D)
  A ball python skeleton (D)
  A ball python zombie (D)
  A rat (D)
11 creatures vanquished.

Notes
Turn   | Place    | Note
-------+----------+-------------------------------------------
     0 | D        | rocky1 the Deep Elf Conjurer began the quest for the Orb.
     0 | D        | Reached XP level 1. HP: 10/10 MP: 6/6
    19 | D        | Found a bloodstained altar of Trog.
    19 | D        | Found a shimmering blue altar of Sif Muna.
    19 | D        | Found a viscous altar of Jiyva.
    19 | D        | Found a hazy altar of Hepliaklqana.
    19 | D        | Found an opulent altar of Gozag.
    21 | D        | Found a glowing golden altar of the Shining One.
    21 | D        | Found a glowing silver altar of Zin.
    21 | D        | Found a basalt altar of Yredelemnul.
    21 | D        | Found a shimmering altar of Xom.
    21 | D        | Found an ornate altar of the Wu Jian Council.
    21 | D        | Found a sacrificial altar of Ru.
    21 | D        | Found a stormy altar of Qazlal.
    21 | D        | Found an iron altar of Okawaru.
    21 | D        | Found a sparkling altar of Nemelex Xobeh.
    21 | D        | Found a burning altar of Makhleb.
    21 | D        | Found a blossoming altar of Fedhas.
    21 | D        | Found a white marble altar of Elyvilon.
    21 | D        | Found a shadowy altar of Dithmenos.
    21 | D        | Found a snail-covered altar of Cheibriados.
    24 | D        | Found a corrupted altar of Lugonu.
    24 | D        | Found a radiant altar of Vehumet.
    25 | D        | Found an ancient bone altar of Kikubaaqudgha.
    25 | D        | Found a hide-covered altar of Uskayaw.
    25 | D        | Found a broken altar of Ashenzari.
    33 | D        | Became a worshipper of Vehumet
    79 | D        | Reached skill level 5 in Spellcasting
    79 | D        | Reached skill level 5 in Conjurations
    79 | D        | Reached XP level 2. HP: 15/15 MP: 2/10
    84 | D        | Reached * piety under Vehumet
    84 | D        | Offered knowledge of Foxfire by Vehumet.
   161 | D        | Learned a level 2 spell: Searing Ray
   185 | D        | Noticed Pargi
   197 | D        | Reached ** piety under Vehumet
   200 | D        | Reached skill level 6 in Conjurations
   205 | D        | HP: 1/22 [Pargi (2)]
   206 | D        | Killed Pargi
   207 | D        | Reached skill level 8 in Conjurations
   207 | D        | Reached XP level 3. HP: 1/19 MP: 4/15
   207 | D        | Reached XP level 4. HP: 2/24 MP: 4/17
   542 | D        | Learned a level 4 spell: Iskenderun's Mystic Blast
   547 | D        | Learned a level 4 spell: Fulminant Prism
   554 | D        | Noticed Jessica
   554 | D        | Noticed a flying skull
   560 | D        | Noticed a warg
   561 | D        | Offered knowledge of Static Discharge by Vehumet.
   565 | D        | Killed a flying skull
   566 | D        | Reached skill level 12 in Conjurations
   566 | D        | Reached XP level 5. HP: 15/28 MP: 11/18
   566 | D        | Reached XP level 6. HP: 18/32 MP: 12/20
   566 | D        | Slain by a warg

Illustrated notes

Levels and vault maps discovered:
D:        pitsprint [storerooms_1, entrance_room_1, metal_vault_6, armoury_3,
          mini_pit_1, grid_room_1, main_hall_1, silver_pit, the_coven_1,
          the_vestibule_1, steel_vault_1, golden_pit, hallway_of_sentries,
          crystal_vault_6, iron_vault_5, final_vault]

Skill      XL: |  1  2  3  4 |
---------------+-------------+-----
Spellcasting   | 5 9 |  9.1
Conjurations   | 5 8 12 | 12.5
Dodging        | |  2.4
Stealth        | |  2.4

Action                   |  1- 3 |  4- 6 || total
-------------------------+-------+-------++-------
Melee: Quarterstaff      |     5 |       ||     5
 Cast: Magic Dart        |    13 |       ||    13
       Searing Ray       |     3 |     2 ||     5
  Use: Potion            |     2 |       ||     2
Armor: Robe              |     2 |     1 ||     3
Dodge: Dodged            |    10 |     4 ||    14

Table legend: (Time is in decaauts)
 A = Elapsed time spent in this place.
 B = Non-inter-level travel time spent in this place.
 C = Inter-level travel time spent in this place.
 D = Time resting spent in this place.
 E = Time spent auto-exploring this place.
 F = Levels seen in this place.
 G = Mean time per level.
                   A        B        C        D        E       F      G
               +--------+--------+--------+--------+--------+-----+--------+
         Total |    581 |    563 |     18 |    365 |      0 |   1 |  581.0 |
       Dungeon |    581 |    563 |     18 |    365 |      0 |   1 |  581.0 |
               +--------+--------+--------+--------+--------+-----+--------+

Top non-repeatable levels by time:
       D: 581 daAuts
